Map: New Repugnancy LE

Players

SortOf - Winner!

  • Race: Zerg Zerg
  • League: Diamond
  • Spawn Location: 1:00

Astrea

  • Race: Protoss Protoss
  • Spawn Location: 7:00

Event: 2019 WCS Summer

VOD

Have the link to the VOD?

Description

Time

  • Played on: July 12, 2019, 12:58 p.m.
  • Length: 21:25

All games in this series

Show
View Real Time Build Order
Export as new Build Order

SortOf Zerg - Winner!

Build Orders: Hatch First, Brood Lord Corruptor 

Get SALT Encoding   

  12  0:00  Drone  
  13  0:12  Overlord  
  13  0:18  Drone  
  14  0:32  Drone x2  
  16  0:48  Drone x2  
  18  0:58  Hatchery  
  18  0:59  Drone  
  18  1:04  Extractor  
  17  1:15  Spawning Pool  
  17  1:17  Drone  
  17  1:20  Drone  
  18  1:31  Drone  
  19  1:39  Drone  
  20  1:51  Overlord  
  20  2:02  Queen  
  22  2:09  Queen  
  22  2:11  Zergling x4  
  22  2:14  Metabolic Boost  
  22  2:15  Drone  
  27  2:25  Drone x2  
  29  2:37  Hatchery  
  29  2:42  Zergling x2  
  29  2:44  Zergling x4  
  31  2:50  Queen  
  33  2:56  Overlord  
  33  3:00  Spore Crawler  
  32  3:07  Drone  
  32  3:08  Drone  
  35  3:15  Drone x2  
  35  3:19  Drone  
  38  3:21  Zergling x2  
  38  3:22  Zergling x2  
  39  3:27  Spore Crawler  
  39  3:31  Drone x2  
  39  3:36  Drone x3  
  39  3:38  Spore Crawler  
  39  3:46  Queen  
  41  3:49  Spore Crawler  
  41  3:53  Drone  
  41  3:54  Drone x2  
  43  4:08  Drone x6  
  48  4:16  Overlord  
  45  4:18  Drone x4  
  48  4:28  Drone x2, Roach Warren  
  48  4:30  Drone  
  49  4:33  Drone  
  49  4:36  Overlord  
  50  4:40  Drone x3  
  53  4:46  Drone x4  
  53  4:50  Extractor  
  53  4:51  Drone, Extractor, Overlord  
  56  4:54  Drone  
  56  4:57  Zergling x2  
  58  5:04  Lair  
  58  5:07  Overlord  
  58  5:09  Queen  
  58  5:14  Drone x4  
  59  5:15  Drone x3  
  59  5:18  Drone  
  63  5:24  Overlord  
  63  5:25  Overlord  
  63  5:29  Drone x3  
  63  5:32  Extractor  
  63  5:33  Drone, Overlord  
  66  5:37  Overlord  
  66  5:44  Roach x4  
  66  5:45  Drone  
  66  5:47  Drone x2  
  66  5:48  Drone  
  66  5:49  Drone  
  79  5:51  Roach  
  79  5:54  Zergling x2  
  82  5:59  Roach x3  
  82  6:00  Overlord  
  82  6:02  Extractor  
  86  6:09  Drone x6  
  88  6:15  Drone x2  
  90  6:22  Extractor, Roach x3  
  90  6:25  Drone x2  
  97  6:32  Drone  
  97  6:33  Overlord  
  97  6:36  Evolution Chamber  
  97  6:38  Baneling Nest  
  97  6:39  Overlord  
  92  6:40  Drone x4  
  95  6:48  Drone  
  95  6:50  Overseer  
  96  6:55  Drone x5  
  101  7:02  Zerg Melee Weapons Level 1  
  101  7:04  Overlord  
  101  7:05  Roach x2  
  105  7:09  Ravager x4, Overlord  
  105  7:11  Roach x2  
  113  7:15  Hatchery  
  113  7:18  Overlord  
  113  7:20  Overlord  
  110  7:30  Zergling x12  
  110  7:34  Centrifical Hooks  
  110  7:37  Overseer  
  116  7:46  Overlord  
  116  7:47  Zergling x2  
  116  7:48  Zergling x8  
  121  7:52  Overlord  
  121  7:53  Ravager x3  
  121  7:56  Roach x2  
  128  8:03  Roach x3  
  134  8:16  Drone x6  
  134  8:17  Overlord  
  134  8:19  Drone  
  141  8:21  Baneling x19  
  141  8:25  Infestation Pit  
  140  8:28  Overlord x2  
  140  8:29  Roach  
  140  8:30  Roach  
  143  8:36  Roach x4  
  151  8:42  Drone x4  
  155  8:55  Drone x3, Extractor  
  156  8:56  Zergling x4, Spire  
  156  8:57  Zergling x8  
  156  8:59  Zergling x4, Ravager x2  
  156  9:00  Ravager  
  165  9:12  Zergling x2  
  165  9:13  Zergling x16  
  165  9:14  Glial Reconstitution  
  165  9:15  Zerg Melee Weapons Level 2  
  174  9:17  Baneling x7  
  174  9:22  Ravager  
  175  9:27  Zergling x16  
  183  9:34  Hive  
  183  9:44  Baneling x11  
  183  9:45  Zergling x2  
  184  9:46  Overlord  
  184  9:52  Overlord  
  182  9:57  Overlord  
  182  9:58  Overlord  
  182  10:00  Overlord  
  182  10:09  Overlord  
  182  10:10  Overlord  
  182  10:11  Drone x2, Hatchery  
  182  10:12  Drone  
  184  10:14  Corruptor x5  
  184  10:21  Baneling  
  194  10:22  Baneling  
  194  10:23  Baneling x8  
  194  10:29  Zergling x2  
  194  10:30  Zergling x8  
  198  10:37  Extractor  
  195  10:45  Zergling x10  
  195  10:46  Adrenal Glands  
  200  10:50  Baneling x12  
  198  11:14  Corruptor x2  
  198  11:23  Zergling x14  
  199  11:26  Extractor  
  199  11:27  Greater Spire  
  198  11:33  Baneling x19  
  198  11:35  Zergling x4  
  198  11:58  Zergling x12  
  198  12:07  Baneling x19  
  198  12:20  Zergling x10  
  138  12:30  Zergling x6  
  138  12:31  Zergling x16  
  142  12:37  Roach x4  
  142  12:40  Brood Lord x6  
  142  12:41  Baneling  
  142  12:42  Baneling x4  
  162  12:44  Zergling x10  
  162  12:46  Extractor  
  162  12:48  Zergling x4, Queen  
  170  12:56  Brood Lord, Corruptor x2  
  176  12:59  Queen  
  176  13:00  Queen x2  
  176  13:05  Baneling x9  
  182  13:07  Zergling x24  
  193  13:16  Zergling x2  
  193  13:17  Zergling x10  
  197  13:20  Baneling x8  
  197  13:21  Baneling x7  
  188  13:29  Brood Lord  
  188  13:32  Corruptor  
  188  13:34  Drone x8  
  182  13:53  Zerg Flyer Weapons Level 1, Pathogen Glands  
  182  13:54  Drone  
  182  13:55  Hydralisk Den, Drone  
  185  14:02  Corruptor x2  
  187  14:16  Corruptor  
  188  14:21  Hatchery  
  181  14:37  Corruptor x5  
  182  14:56  Brood Lord x4  
  185  15:02  Hydralisk x4  
  192  15:13  Baneling x5  
  191  15:20  Brood Lord  
  191  15:21  Brood Lord  
  194  15:23  Overseer  
  192  15:30  Brood Lord  
  194  15:38  Brood Lord  
  194  15:39  Hydralisk  
  194  15:41  Zergling x8  
  200  15:48  Zerg Missile Weapons Level 1  
  200  15:49  Lurker Den  
  199  15:53  Drone  
  199  15:56  Zerg Flyer Weapons Level 2  
  200  16:10  Spine Crawler  
  200  16:11  Spine Crawler, Overlord  
  198  16:12  Spine Crawler x2  
  198  16:15  Spine Crawler  
  198  16:18  Muscular Augments  
  195  16:23  Overlord  
  195  16:24  Hatchery  
  183  16:45  Spine Crawler x2  
  183  16:46  Drone x3  
  186  16:48  Hydralisk x3, Spine Crawler  
  186  16:49  Spine Crawler  
  186  16:50  Spore Crawler  
  186  16:52  Drone  
  186  16:53  Spine Crawler  
  189  17:05  Neural Parasite  
  189  17:06  Infestor x2  
  187  17:29  Grooved Spines  
  187  17:32  Drone x4  
  187  17:33  Drone  
  187  17:35  Evolution Chamber  
  187  17:36  Adaptive Talons  
  191  17:39  Lurker x7, Spore Crawler  
  197  17:52  Infestor x2  
  199  18:15  Infestor x2  
  187  18:30  Corruptor x4  
  187  18:31  Corruptor x4  
  182  18:49  Corruptor x4  
  182  18:53  Drone x4  
  192  18:57  Viper  
  195  19:09  Extractor  
  194  19:11  Extractor  
  194  19:16  Corruptor x3  
  195  19:24  Hydralisk x2  
  197  19:44  Zergling x6  
  195  19:55  Infestor x3  
  191  20:14  Infestor x2  
  189  20:15  Zergling x14  
  200  20:31  Zergling x4  
  197  20:46  Hatchery  
  196  20:50  Hatchery  
  196  20:51  Hydralisk x2  
Show
View Real Time Build Order
Export as new Build Order

Astrea Protoss 

Build Orders: 1 Gate Expand, Oracle Opening, Chargelot Immortal 

Get SALT Encoding   

  12  0:00  Probe  
  13  0:12  Probe  
  14  0:18  Pylon  
  14  0:24  Probe  
  15  0:32  Probe  
  15  0:40  Probe, Gateway  
  17  0:51  Probe  
  17  0:56  Assimilator  
  18  1:03  Probe  
  19  1:15  Probe  
  20  1:26  Nexus  
  20  1:37  Cybernetics Core  
  20  1:39  Probe  
  21  1:46  Assimilator  
  21  1:51  Probe  
  22  1:56  Pylon  
  22  2:03  Probe  
  22  2:04  Adept  
  23  2:12  Probe  
  26  2:20  Probe  
  26  2:23  Stargate  
  26  2:26  Adept  
  26  2:29  Probe  
  30  2:38  Probe  
  30  2:41  Probe  
  32  2:50  Probe  
  33  2:53  Probe  
  34  2:59  Oracle  
  34  3:01  Warp Gate  
  34  3:02  Probe  
  35  3:05  Probe  
  39  3:13  Pylon  
  39  3:14  Stalker, Probe  
  39  3:18  Probe  
  43  3:26  Probe  
  44  3:31  Oracle  
  44  3:37  Probe  
  44  3:40  Probe  
  45  3:49  Probe  
  45  3:51  Gateway  
  45  3:52  Probe, Pylon  
  47  4:01  Probe  
  48  4:05  Gateway  
  48  4:08  Phoenix  
  50  4:10  Gateway  
  48  4:17  Probe, Pylon  
  48  4:21  Probe  
  49  4:29  Probe, Robotics Facility  
  48  4:33  Probe  
  48  4:35  Assimilator  
  48  4:36  Assimilator  
  49  4:41  Probe  
  49  4:45  Probe  
  51  4:47  Pylon  
  51  4:51  Adept  
  53  4:53  Probe  
  53  4:56  Pylon  
  53  4:57  Probe  
  55  5:03  Adept  
  55  5:05  Zealot, Probe  
  60  5:09  Probe, Nexus  
  60  5:13  Warp Prism  
  61  5:18  Probe  
  61  5:20  Pylon  
  62  5:25  Sentry x2  
  62  5:26  Sentry  
  71  5:28  Probe  
  71  5:30  Probe  
  72  5:40  Probe  
  72  5:42  Probe  
  74  5:45  Immortal  
  74  5:48  Forge  
  78  5:51  Twilight Council  
  78  5:52  Probe  
  78  5:53  Pylon  
  79  5:58  Probe  
  80  6:04  Probe  
  81  6:14  Immortal  
  81  6:17  Probe x2  
  80  6:23  Gateway  
  80  6:25  Charge  
  84  6:26  Probe  
  84  6:27  Gateway  
  84  6:28  Sentry  
  84  6:29  Sentry, Zealot, Probe x2  
  93  6:38  Protoss Ground Weapons Level 1  
  95  6:47  Immortal  
  95  6:51  Gateway  
  95  6:52  Templar Archives  
  97  6:54  Gateway  
  97  7:04  Gateway  
  97  7:05  Pylon  
  97  7:06  Gateway  
  97  7:07  Pylon  
  97  7:12  Assimilator  
  97  7:16  Assimilator  
  97  7:17  Immortal  
  97  7:20  Shield Battery  
  101  7:34  Zealot x5  
  111  7:45  Pylon  
  111  7:48  Pylon  
  111  7:53  Psionic Storm  
  111  7:58  High Templar x2  
  115  8:00  High Templar  
  117  8:06  Pylon  
  117  8:07  Pylon  
  121  8:13  Observer, Zealot x6  
  130  8:21  Pylon  
  130  8:22  Blink  
  130  8:23  Pylon  
  130  8:29  Protoss Ground Weapons Level 2  
  130  8:31  Stalker x2  
  134  8:41  High Templar x2  
  136  8:42  Zealot  
  136  8:46  Zealot x2  
  136  8:47  Zealot x2  
  148  8:53  Warp Prism  
  148  8:54  Probe x2  
  152  9:05  High Templar  
  154  9:10  Photon Cannon, Pylon  
  154  9:12  Photon Cannon  
  152  9:29  Immortal, Nexus  
  152  9:31  High Templar x3  
  160  9:39  Archon  
  160  9:45  Stalker x3  
  166  9:55  Pylon  
  166  10:02  Photon Cannon  
  166  10:04  Photon Cannon  
  166  10:07  Photon Cannon  
  166  10:09  Pylon  
  166  10:10  High Templar x2  
  166  10:11  Immortal, Pylon  
  166  10:14  Zealot x3, Archon  
  174  10:15  Zealot  
  176  10:54  Protoss Ground Armor Level 1  
  176  10:56  Zealot x9  
  176  11:01  High Templar x2  
  176  11:02  Stalker x5  
  176  11:03  Stalker x2  
  184  11:07  Archon  
  184  11:08  Immortal  
  182  11:21  Probe x4  
  182  11:22  Gateway  
  182  11:23  Gateway  
  180  11:25  Gateway  
  174  11:33  High Templar x2  
  174  11:34  Zealot x7  
  192  11:41  Archon  
  188  11:54  Stalker  
  188  11:55  Stalker x6  
  188  12:06  Stalker x2  
  186  12:20  Stalker x8  
  148  12:34  Probe  
  148  12:36  Zealot x2, High Templar x2  
  146  12:38  Probe x3  
  146  12:42  Probe  
  150  12:44  High Templar  
  150  12:46  Zealot x5  
  161  13:08  High Templar x2  
  161  13:09  Zealot x8  
  179  13:13  Archon  
  179  13:21  Stalker x2  
  172  13:34  Probe x4  
  169  13:45  Assimilator  
  169  13:46  Probe  
  169  13:47  Assimilator  
  156  13:55  High Templar x3  
  158  13:56  Stalker x7  
  176  14:07  Nexus  
  176  14:08  Zealot x2  
  180  14:17  Protoss Ground Weapons Level 3  
  180  14:19  Zealot x2  
  180  14:22  Zealot x5  
  188  14:33  Zealot x4  
  188  14:34  Probe  
  188  14:35  Probe  
  189  14:38  Probe x2  
  180  14:53  Probe x3  
  180  14:55  Pylon  
  173  15:02  Fleet Beacon  
  173  15:03  Stargate  
  173  15:04  Probe  
  173  15:06  Protoss Air Weapons Level 1  
  165  15:16  Zealot  
  165  15:17  Zealot  
  165  15:19  Probe x2  
  165  15:21  Probe  
  167  15:37  Probe  
  167  15:38  Probe x3  
  167  15:40  Probe  
  138  15:45  Probe  
  138  15:46  Probe x3  
  139  15:52  Probe  
  139  15:55  Probe x4  
  145  16:05  Probe  
  145  16:07  Probe  
  145  16:09  Tempest  
  143  16:16  Observer, Probe x3, Tempest  
  143  16:42  Tempest  
  143  16:46  High Templar x4  
  141  16:47  High Templar x3  
  141  16:48  Tempest  
  148  16:57  Probe  
  148  16:58  Probe x4  
  158  17:05  Archon x2  
  158  17:07  High Templar x4  
  166  17:10  Assimilator  
  166  17:11  Assimilator  
  153  17:16  Probe  
  153  17:19  Probe x3  
  153  17:29  Tempest  
  149  17:33  Oracle  
  145  18:18  Probe x4  
  143  18:27  Tempest  
  143  18:29  Zealot x3  
  143  18:30  Zealot x3  
  152  18:38  High Templar x6  
  162  19:05  Robotics Bay  
  162  19:06  Nexus  
  160  19:30  Assimilator  
  157  19:32  Assimilator  
  157  19:33  Oracle  
  157  19:36  Pylon  
  137  20:19  Archon  
  122  20:30  Disruptor  
  112  20:39  Stalker x6  
  112  20:40  Stalker x2  
  123  20:54  Nexus  
Tags
 
Add a new tag
Caveats
  • Supply blocks, unpowered buildings, or Contaminate may cause inaccurate times.
  • Supply counts are checked every 10 seconds.